 Dungeon Crawl Stone Soup version 0.30-a0-241-g1121274140 (webtiles) character file.

Game seed: 7050367903759050175

52 bande the Trooper (level 3, -8/24 HPs)
             Began as a Gargoyle Fighter on Oct 11, 2022.
             Killed by divine providence
             ... invoked by an orc priest
              (14 damage)
             ... on level 3 of the Dungeon.
             The game lasted 00:02:29 (1757 turns).

bande the Trooper (Gargoyle Fighter)                Turns: 1757, Time: 00:02:30

Health: -8/24      AC: 12    Str: 19    XL:     3   Next: 85%
Magic:  3/3        EV:  9    Int:  8    God:
Gold:   84         SH:  4    Dex: 11    Spells: 2/2 levels left

rFire   . . .      SeeInvis .    a - +1 war axe
rCold   . . .      Faith    .    c - +0 buckler
rNeg    + . .      Spirit   .    b - +0 scale mail
rPois   ∞          Reflect  .    n - +0 helmet
rElec   +          Harm     .    i - +0 cloak
rCorr   .          Rampage  .    (no gloves)
Will    .....                    (no boots)
Stlth   ..........               (no amulet)
HPRegen 0.24/turn                (no ring)
MPRegen 0.08/turn                (no ring)

@: no status effects
A: sickness immunity, AC +3, negative energy resistance 1, electricity
resistance, torment resistance 1, petrification resistance
a: no special abilities


You were on level 3 of the Dungeon.
You visited 1 branch of the dungeon, and saw 3 of its levels.

You collected 84 gold pieces.

Inventory:

Hand Weapons
 a - a +1 war axe (weapon)
 m - a +0 flail
Armour
 b - a +0 scale mail (worn)
 c - a +0 buckler (worn)
 i - a +0 cloak (worn)
 n - a +0 helmet (worn)
Scrolls
 g - 2 scrolls of identify
Potions
 d - a potion of might
 f - a potion of magic
 h - 2 potions of flight
 j - a potion of haste
 k - a potion of brilliance


   Skills:
 + Level 4.0 Fighting
 + Level 2.2 Axes
 + Level 3.9 Armour
 + Level 3.6 Shields


You had 2 spell levels left.
You didn't know any spells.
Your spell library was empty.

Dungeon Overview and Level Annotations

Branches:
Dungeon (3/15)

Altars:


Innate Abilities, Weirdness & Mutations

You are immune to sickness and miasma.
Your stone body is resilient. (AC +3)
You are immune to poison.
You resist negative energy. (rN+)
You are resistant to electric shocks. (rElec)
You are resistant to unholy torment.
You are immune to petrification.


Message History

The orc is severely wounded.
The orc hits you but does no damage.
You closely miss the orc. You hit the orc.
The orc is severely wounded.
The orc hits you with a +0 flail.
You closely miss the orc.
The orc is severely wounded.
The orc hits you with a +0 flail. The orc hits you but does no damage.
You are too injured to fight recklessly!
You are too injured to fight recklessly!
You are too injured to fight recklessly!
You are too injured to fight recklessly!
You are too injured to fight recklessly!
You are too injured to fight recklessly!
You are too injured to fight recklessly!
You slash the orc!
You kill the orc!
Unknown command.
You barely miss the endoplasm. The endoplasm freezes you.
You are frozen.
The endoplasm freezes you.
You are frozen.
* * * LOW HITPOINT WARNING * * *
You slash the endoplasm!
You kill the endoplasm!
You slash the orc!
You kill the orc!
Items here: )) [ ††.
A rat and an orc priest come into view.
The orc priest shouts!
You hear a shout!
An orc comes into view. It is wielding a +0 mace.
An orc comes into view. It is wielding a +0 club.
Items here: )) [ ††.
The orc shouts!
The orc priest calls down the wrath of Beogh upon you.
Beogh smites you!
Ouch! That really hurt!
You die...

................##
(........#.....##
...####...#####
.#.. ###..#
#.#####..#
#....##.## #.....#
####...###
#.).@#....#
...r..?.#######.#
..o.[.### ..
...o#. . ### #


You could see an orc priest and a rat.

Vanquished Creatures
  A gnoll (D:1)
  3 dart slugs
  2 orcs (D:3)
  2 ball pythons
  4 endoplasms
  2 giant cockroaches
  4 hobgoblins (D:1)
  2 jackals (D:2)
  A quokka (D:1)
  A bat (D:2)
  A frilled lizard (D:3)
  6 kobolds
  2 rats (D:1)
31 creatures vanquished.

Notes
Turn   | Place    | Note
-------+----------+-------------------------------------------
     0 | D:1      | bande the Gargoyle Fighter began the quest for the Orb.
     0 | D:1      | Reached XP level 1. HP: 14/14 MP: 1/1
   138 | D:1      | Reached XP level 2. HP: 7/20 MP: 2/2
   349 | D:1      | Reached XP level 3. HP: 24/24 MP: 3/3
   939 | D:2      | Reached skill level 4 in Fighting
  1757 | D:3      | Killed from afar by an orc priest

Illustrated notes

Levels and vault maps discovered:
D:1:      reono_arrival_forest_river, layout_basic
D:2:      layout_basic, minmay_bisected
D:3:      layout_rooms, uniq_ijyb

Skill      XL: |  1  2  3 |
---------------+----------+-----
Axes           | 2 |  2.2
Fighting       | 4 |  4.0
Armour         | |  3.9
Shields        | |  3.6

Action                   || total
-------------------------++-------
Melee: War axe           ||   107
  Use: Scroll            ||     7
Armor: Scale mail        ||    64
Dodge: Dodged            ||    40
Block: Buckler           ||    23

Table legend: (Time is in decaauts)
 A = Elapsed time spent in this place.
 B = Non-inter-level travel time spent in this place.
 C = Inter-level travel time spent in this place.
 D = Time resting spent in this place.
 E = Time spent auto-exploring this place.
 F = Levels seen in this place.
 G = Mean time per level.
                   A        B        C        D        E       F      G
               +--------+--------+--------+--------+--------+-----+--------+
         Total |   1814 |   1800 |     14 |     55 |   1418 |   3 |  604.7 |
       Dungeon |   1814 |   1800 |     14 |     55 |   1418 |   3 |  604.7 |
               +--------+--------+--------+--------+--------+-----+--------+

Top non-repeatable levels by time:
     D:2: 901 daAuts
     D:1: 829 daAuts
     D:3: 83 daAuts
